 Dungeon Crawl Stone Soup version 0.21.1 (webtiles) character file.

292 hpc the Chopper (level 6, -1/55 HPs)
             Began as a Minotaur Fighter on Feb 2, 2018.
             Slain by a slave (7 damage)
             ... led by Pikel
             ... on level 4 of the Dungeon.
             The game lasted 00:03:00 (2622 turns).

hpc the Chopper (Minotaur Fighter)                  Turns: 2622, Time: 00:03:00

Health: -1/55      AC:  8    Str: 22    XL:     6   Next: 10%
Magic:  5/5        EV:  7    Int:  5    God:
Gold:   171        SH: 10    Dex: 10    Spells: 5/5 levels left

rFire    . . .     SeeInvis .   a - +0 war axe
rCold    . . .     Gourm    .   c - +0 shield
rNeg     . . .     Faith    .   b - +0 scale mail
rPois    .         Spirit   .   (helmet restricted)
rElec    .         Reflect  .   (no cloak)
rCorr    .         Harm     .   (no gloves)
MR       .....                  p - +0 pair of boots
Stlth    ..........             (no amulet)
HPRegen  0.18/turn              (no ring)
MPRegen  0.09/turn              (no ring)

@: no status effects
A: retaliatory headbutt, horns 2
a: no special abilities


You were on level 4 of the Dungeon.
You were not hungry.

You visited 1 branch of the dungeon, and saw 4 of its levels.

You collected 171 gold pieces.

Inventory:

Hand Weapons
 a - a +0 war axe (weapon)
Armour
 b - a +0 scale mail (worn)
 c - a +0 shield (worn)
 p - a +0 pair of boots (worn)
Jewellery
 l - an uncursed amulet of rage {unknown}
 r - a cursed ring of teleportation {unknown}
 t - an uncursed ring of flight {unknown}
Scrolls
 e - 2 scrolls of noise {unknown}
 h - a scroll of enchant weapon {unknown}
 j - 2 scrolls of blinking {unknown}
 k - 2 scrolls of amnesia {unknown}
 n - 5 scrolls of fear {unknown}
 o - a scroll of remove curse {unknown}
 q - a scroll of teleportation {unknown}
 s - 2 scrolls of identify {unknown}
 u - a scroll of fog {unknown}
 w - a scroll of enchant armour {unknown}
Potions
 d - 3 potions of might
 i - a potion of brilliance {unknown}
 m - 2 potions of cancellation {unknown}
 v - a potion of lignification {unknown}
Comestibles
 f - 5 rations
 g - 2 chunks of flesh


   Skills:
 + Level 4.9 Fighting
 * Level 5.2 Axes
 + Level 4.9 Armour
 + Level 4.9 Shields


You had 5 spell levels left.
You didn't know any spells.

Dungeon Overview and Level Annotations

Branches:
Dungeon (4/15)
 Temple: D:4-7

Altars:

Annotations:
D:4 Pikel


Innate Abilities, Weirdness & Mutations

You reflexively headbutt those who attack you in melee.
You have a pair of horns on your head.


Message History

Pikel barely misses you. The slave hits you!
You hit Pikel but do no damage.
Pikel is heavily wounded.
You hit the slave. x2
You kill the slave!
That felt strangely unrewarding.
The slave hits you.
Pikel hits you with a whip of electrocution.
The slave barely misses you. The slave hits you!
* * * LOW HITPOINT WARNING * * *
You block Pikel's attack.
You hit Pikel. Your headbutt misses Pikel.
Pikel is heavily wounded.
You slash the slave! You hit the slave. The slave barely misses you.
The slave hits you.
* * * LOW HITPOINT WARNING * * *
You block Pikel's attack.
You hit Pikel. Your headbutt misses Pikel.
Pikel is severely wounded.
You hit the slave. You closely miss the slave. The slave hits you!
You die...

#........#........#...
#........#............
#........#............
#
####...#..#.##.....###
#.####...##### #####.#
#.........# ###
#.........#
#........<#
###+###@###
......pKp.#
.......p..#
..........#
....).....# #...
..........# #...
#####.....# #...
#.....# #... #.....#
#...


You could see Pikel and 3 slaves.

Vanquished Creatures
  Edmund (D:4)
  A slave (D:4)
  An orc priest (D:4)
  5 adders
  3 oozes
  A worm (D:4)
  A dart slug (D:1)
  A leopard gecko (D:2)
  3 orcs
  5 bats
  11 giant cockroaches
  8 goblins
  4 hobgoblins
  12 jackals
  A quokka (D:2)
  4 frilled lizards
  11 kobolds
  12 rats
85 creatures vanquished.

Notes
Turn   | Place    | Note
-------+----------+-------------------------------------------
     0 | D:1      | hpc the Minotaur Fighter began the quest for the Orb.
     0 | D:1      | Reached XP level 1. HP: 19/19 MP: 0/0
   165 | D:1      | Reached XP level 2. HP: 27/27 MP: 1/1
   264 | D:1      | Reached skill level 3 in Axes
   588 | D:1      | Reached XP level 3. HP: 33/33 MP: 2/2
   896 | D:2      | Found a faded altar of an unknown god.
  1138 | D:2      | Reached XP level 4. HP: 40/40 MP: 3/3
  1186 | D:2      | Reached skill level 4 in Axes
  1880 | D:4      | Noticed Edmund
  1892 | D:4      | Killed Edmund
  1892 | D:4      | Reached skill level 5 in Axes
  1892 | D:4      | Reached XP level 5. HP: 13/47 MP: 4/4
  2165 | D:4      | Reached XP level 6. HP: 19/55 MP: 5/5
  2602 | D:4      | Noticed a slave
  2603 | D:4      | Noticed a slave
  2604 | D:4      | Noticed Pikel
  2604 | D:4      | Noticed a slave
  2604 | D:4      | Noticed a slave
  2620 | D:4      | Killed a slave
  2622 | D:4      | Slain by a slave

Skill      XL: |  1  2  3  4 |
---------------+-------------+-----
Axes           | 3 5 |  5.2
Shields        | 4 |  4.9
Fighting       | 4 |  4.9
Armour         | 4 |  4.9

Action                   |  1- 3 |  4- 6 || total
-------------------------+-------+-------++-------
Melee: War axe           |    93 |    92 ||   185
       Headbutt          |    19 |    14 ||    33
  Eat: Chunk             |     1 |     5 ||     6
Armor: Scale mail        |    33 |    39 ||    72
Dodge: Dodged            |    32 |    24 ||    56
Block: Shield            |    54 |    60 ||   114
